 Dungeon Crawl Stone Soup version 0.18-a0-1670-gb40d73e (webtiles) character file.

2167 Leszczynek the Conjurer (level 9, -14/68 HPs)
             Began as a Naga Wizard on Apr 1, 2016.
             Was a Follower of Sif Muna.
             Killed from afar by a manticore (17 damage)
             ... with a volley of spikes
             ... on level 6 of the Dungeon.
             The game lasted 00:47:08 (8098 turns).

Leszczynek the Conjurer (Naga Wizard)               Turns: 8098, Time: 00:47:09

Health: -14/68     AC:  6    Str: 15    XL:     9   Next: 32%
Magic:  0/16       EV:  9    Int: 20    God:    Sif Muna [*.....]
Gold:   458        SH:  0    Dex: 11    Spells: 5 memorised, 7 levels left

rFire  + . .     SeeInvis +     e - +1 whip
rCold  + . .     Gourm    .     a - +0 robe
rNeg   . . .     Faith    .     (no shield)
rPois  +         Spirit   .     b - +1 hat
rElec  +         Dismiss  .     v - +0 cloak
rCorr  +         Reflect  .     (no gloves)
SustAt .         Harm     .     (no barding)
MR     +....                    (no amulet)
Stlth  +.........               r - +3 ring of slaying
                                i - +4 ring of slaying

@: mighty, resistant, manticore barbs, very slightly contaminated, hasted, very
heavily drained, quick, somewhat resistant to hostile enchantments, very
unstealthy
A: see invisible, deformed body, poison resistance, slowness 2, slow metabolism
1, spit poison 2, AC +3
a: Spit Poison, Channel Energy, Renounce Religion


You were on level 6 of the Dungeon.
You worshipped Sif Muna.
Sif Muna was aware of your devotion.
You were not hungry.

You visited 2 branches of the dungeon, and saw 8 of its levels.

You collected 458 gold pieces.

Inventory:

Hand Weapons
 d - a +3 quarterstaff of chaos
 e - a +1 whip (weapon)
 u - a +0 scimitar
Missiles
 h - a throwing net (quivered)
 n - 15 poisoned needles
Armour
 a - a +0 robe (worn)
 b - a +1 hat (worn)
 v - a +0 cloak (worn)
 D - a +0 pair of gloves
Jewellery
 i - a +4 ring of slaying (left hand)
 m - an uncursed ring of protection from magic
 r - a +3 ring of slaying (right hand)
Wands
 o - a wand of iceblast (8/15)
 p - a wand of random effects (18/48)
 y - a wand of iceblast (8/15)
Scrolls
 g - a scroll of enchant armour
 j - 3 scrolls of identify
 w - a scroll of remove curse
 x - 2 scrolls of amnesia
 z - a scroll of enchant weapon
Potions
 f - 2 potions of mutation {unknown}
 k - 2 potions of resistance
 l - a potion of cancellation
Books
 c - a book of Minor Magic

   Spells                             Type                      Level
   a - Magic Dart                     Conjuration                  1
   b - Blink                          Translocation                2
   c - Call Imp                       Summoning                    2
   d - Repel Missiles                 Charms/Air                   2
   e - Slow                           Hexes                        2
   f - Conjure Flame                  Conjuration/Fire             3
   g - Mephitic Cloud                 Conjuration/Poison/Air       3
Comestibles
 q - 2 meat rations
 A - 3 bread rations


   Skills:
 + Level 2.4(0.0) Dodging
 - Level 3.6(0.0) Stealth
 + Level 5.3(0.5) Spellcasting
 * Level 7.5(2.4) Conjurations
 + Level 1.8(0.0) Charms
   Level 1.4(0.0) Summonings
 - Level 3.3(0.0) Translocations
 - Level 4.2(0.0) Fire Magic
 - Level 2.0(0.0) Air Magic
 - Level 5.0(0.2) Poison Magic


You had 7 spell levels left.
You knew the following spells:

 Your Spells              Type           Power        Failure   Level  Hunger
a - Magic Dart            Conj           ##..         10%         1    ##.....
b - Blink                 Tloc           N/A          30%         2    ###....
c - Mephitic Cloud        Conj/Pois/Air  #.......     38%         3    ####...
d - Conjure Flame         Conj/Fire      #.......     38%         3    ####...
e - Repel Missiles        Chrm/Air       #.....       30%         2    ###....


Dungeon Overview and Level Annotations

Branches:
Dungeon (7/15)             Temple (1/1) D:4

Altars:
Ashenzari
Cheibriados
Dithmenos
Elyvilon
Fedhas
Gozag
Kikubaaqudgha
Makhleb
Nemelex Xobeh
Okawaru
Pakellas
Qazlal
Ru
Sif Muna
Trog
Vehumet
Xom
Yredelemnul
The Shining One

Annotations:
D:3 Ijyb
D:6 crawlian's ghost, novice DEFE
D:7 !NOT THE BEES


Innate Abilities, Weirdness & Mutations

You cannot wear boots.
Your serpentine skin is tough (AC +3).
You have supernaturally acute eyesight.
Armour fits poorly on your strangely shaped body.
Your system is resistant to poisons.
You cover ground very slowly.
You have a slow metabolism.
You can spit poison.


Message History

The barbs in your skin will harm you if you move.
Continue?
Okay, then.
Casting: Mephitic Cloud
Confirm with . or Enter, or press ? or * to list all spells.
Aiming: Magic Dart
Press: ? - help, Shift-Dir - straight line, f/p - manticore
Aim: a manticore (moderately wounded, confused)
The magic dart hits the manticore.
The manticore is heavily wounded.
A big kobold comes into view. It is wielding a whip.
The manticore seems less confused.
The manticore flicks its tail.
The volley of spikes hits you!
The barbed spikes become lodged in your body.
* * * LOW HITPOINT WARNING * * *
Unknown command.
The manticore flicks its tail.
The volley of spikes hits you!
The barbed spikes become lodged in your body.
You die...

.H..#.#.##......,,,,,,,,,,,,**,*,
...#.#....#...##,,,,,,*,,,,,,,**,
....#.#...#....##,,,,,*,,,,,,***,
...#..H...#.....##,,,,*,,,,,**,*,
#.#.#.....[......##,,,*,,,,**,,*,
.#.#......#....§..##,,*,,,**,,,,,
..#.#.#...##h§§....##,*,,**,,,,,,
.#..........H.§§....####**,,,,,*,
..........##...)@...#...*,,,,,,*,
........#...K.#######._.********,
........#...........*,,,*,,,,,,*,
........#..........#**#'*,,,,,,,,
....#...#.........##,,#.##,,,,,,,
.#.#.............##,,,#..##,,,,,,
..#.............##,,,,#...##,,,*,
.#.............##,,,,,#....##,,*,
..#.......######,,...,#.....##,*,


You could see a manticore, a big kobold and a howler monkey (confused).

Vanquished Creatures
  Duvessa (D:5)
  2 phantoms
  An ice beast (D:5)
  3 ogres (D:5)
  2 centaurs (D:5)
  Blork the orc (D:5)
  A giant frog (D:6)
  Dowan (D:5)
  3 scorpions
  4 wights (D:6)
  3 crimson imps
  A centaur skeleton (D:5)
  A giant frog skeleton (D:6)
  5 hounds
  2 orc priests
  Crazy Yiuf (D:5)
  2 orc wizards
  7 worker ants
  A howler monkey zombie (D:6)
  A worker ant zombie (D:5)
  7 gnolls
  7 adders
  An ooze (D:2)
  An adder zombie (D:5)
  An adder skeleton (D:5)
  4 worms
  A dart slug (D:5)
  7 giant geckos
  8 orcs
  A ball python (D:1)
  7 goblins
  5 hobgoblins
  13 jackals
  11 kobolds
  4 quokkas
  10 bats
  2 giant gecko skeletons (D:4)
  2 giant newts
  6 rats
  A fungus (D:5)
142 creatures vanquished.

Notes
Turn   | Place    | Note
--------------------------------------------------------------
     0 | D:1      | Leszczynek the Naga Wizard began the quest for the Orb.
     0 | D:1      | Reached XP level 1. HP: 15/15 MP: 4/4
   450 | D:1      | Reached XP level 2. HP: 22/22 MP: 0/6
   852 | D:1      | Reached XP level 3. HP: 28/28 MP: 0/7
   925 | D:1      | Learned a level 2 spell: Call Imp
   929 | D:1      | Learned a level 3 spell: Mephitic Cloud
  1229 | D:2      | Reached skill level 2 in Conjurations
  1487 | D:2      | Found a sparkling altar of Nemelex Xobeh.
  2012 | D:3      | Reached skill level 1 in Poison Magic
  2155 | D:2      | orc with a scale mail, deadly, unbeatable opponent
  2156 | D:2      | literally
  2156 | D:2      | can't harm him
  2172 | D:2      | Reached XP level 4. HP: 19/36 MP: 1/9
  2779 | D:3      | Reached skill level 3 in Conjurations
  2779 | D:3      | Reached XP level 5. HP: 42/42 MP: 3/10
  2889 | D:3      | Noticed Ijyb
  2914 | D:2      | Reached skill level 1 in Air Magic
  3117 | D:4      | Found a sacrificial altar of Ru.
  3144 | D:3      | and now i'm going to die thanks to the 3% chance
  3144 | D:3      | you know
  3144 | D:3      | if you're fighting with a weapon
  3144 | D:3      | even if you miss a lot of times, you can try more and more
  3144 | D:3      | the only limit is your hp
  3144 | D:3      | here, i fail 2 times and i'm out of MP, ooooooops
  3144 | D:3      | can't try anymore, i'll have to melee that gnoll with enchanted halberd now
  3245 | D:4      | there goes my ?blink
  3359 | D:4      | because mages in this game are THIS FUN to play
  3391 | D:4      | Found a white marble altar of Elyvilon.
  3391 | D:4      | Found a deep blue altar of Sif Muna.
  3406 | D:5      | Entered Level 5 of the Dungeon
  3662 | D:5      | Found a shadowy altar of Dithmenos.
  3896 | D:5      | Learned a level 3 spell: Conjure Flame
  3959 | D:5      | Noticed Blork the orc
  4203 | D:5      | Reached XP level 6. HP: 49/49 MP: 9/11
  4282 | D:5      | Noticed an ice beast
  4516 | D:5      | Reached skill level 1 in Fire Magic
  4519 | D:5      | Noticed Duvessa
  4528 | D:5      | Noticed Dowan
  4712 | D:5      | Killed Duvessa
  4712 | D:5      | Reached skill level 4 in Conjurations
  4727 | D:5      | Killed Dowan
  4727 | D:5      | Reached XP level 7. HP: 43/55 MP: 5/12
  4832 | D:5      | Killed Blork the orc
  5107 | D:5      | Noticed Crazy Yiuf
  5112 | D:5      | Killed Crazy Yiuf
  5370 | D:5      | Reached skill level 5 in Poison Magic
  5417 | D:5      | Learned a level 2 spell: Blink
  5521 | D:5      | Reached XP level 8. HP: 62/62 MP: 6/13
  5594 | D:5      | Found an oddly glowing altar of Pakellas.
  5662 | D:5      | Reached skill level 5 in Conjurations
  6295 | D:4      | Found a basalt altar of Yredelemnul.
  6305 | D:4      | Became a worshipper of Sif Muna the Loreminder
  6563 | D:4      | Found a staircase to the Ecumenical Temple.
  6570 | Temple   | Entered the Ecumenical Temple
  6592 | D:4      | Learned a level 2 spell: Repel Missiles
  6791 | D:4      | i have +7 slaying on a naga
  6791 | D:4      | oh boy
  6791 | D:4      | if i didn't already have sif, i'd just branch into fighting instead
  6828 | D:5      | Reached skill level 6 in Conjurations
  7080 | D:5      | Reached * piety under Sif Muna
  7418 | D:6      | Noticed crawlian's ghost (novice DEFE)
  7489 | D:6      | Reached XP level 9. HP: 61/68 MP: 11/16
  7615 | D:7      | notthebees.jpg
  7615 | D:7      | Upgraded the game from 0.18-a0-1666-g3ea6f2b to 0.18-a0-1670-gb40d73e
  7624 | D:6      | Reached skill level 5 in Spellcasting
  7624 | D:6      | Reached skill level 7 in Conjurations
  7630 | D:6      | Reached skill level 1 in Charms
  7722 | D:6      | Noticed a manticore
  8076 | D:6      | Found a shattered altar of Ashenzari.
  8097 | D:6      | HP: 2/68 [manticore/volley of spikes (16)]
  8098 | D:6      | Killed from afar by a manticore

Vault maps used:
D:1:      sevenhm_arrival_forest_fort_small_6
D:2:      nemelex_deck, serial_corexii_hall, corexii_hall_statues_i,
          corexii_hall_statues_s
D:3:      uniq_iyjb
D:4:      grunt_temple_overflow_open, minmay_temple_entry_hall, first_bread
D:5:      nicolae_dithmenos_shadow_blocks, gammafunk_pakellas_cloud_experiment,
          uniq_blork_the_orc, uniq_duvessa, uniq_crazy_yiuf_cottage
D:6:      hangedman_cross_stitches, nicolae_ashenzari_panopticon, serial_shops,
          shop
D:7:      the_bakery
Temple:   temple_eino_lava_12

Skill      XL: |  1  2  3  4  5  6  7  8  9 |
---------------+----------------------------+-----
Conjurations   | 2 3 4 6 7 |  7.5
Poison Magic   | 1 2 4 5 |  5.0
Air Magic      | 2 |  2.0
Fire Magic     | 2 4 |  4.2
Spellcasting   | 4 5 |  5.3
Translocations | 3 |  3.3
Charms         | 1 |  1.8
Dodging        | 2 |  2.4
Stealth        | |  3.6
Summonings     | |  1.4

Action                   |  1- 3 |  4- 6 |  7- 9 || total
-------------------------+-------+-------+-------++-------
Melee: Whip              |    13 |    23 |    67 ||   103
       Quarterstaff      |       |       |     5 ||     5
 Cast: Magic Dart        |   113 |    97 |   212 ||   422
       Call Imp          |     1 |       |       ||     1
       Mephitic Cloud    |       |     7 |    17 ||    24
       Conjure Flame     |       |     4 |     3 ||     7
       Repel Missiles    |       |       |     1 ||     1
 Abil: Spit Poison       |    11 |    15 |    15 ||    41
  Use: Scroll            |     9 |     1 |     7 ||    17
       Potion            |     2 |       |     4 ||     6
 Stab: Sleeping          |     1 |       |       ||     1
       Confused          |       |     1 |     1 ||     2
  Eat: Chunk             |     3 |     3 |     5 ||    11
       Bread ration      |       |     1 |     2 ||     3
